Map: 어스름 탑

Players

Reinca

  • Race: Terran Terran
  • League: Grandmaster

DnS - Winner!

  • Race: Protoss Protoss
  • League: Grandmaster

VOD

Have the link to the VOD?

Description

Time

  • Played on: March 5, 2016, 8:25 a.m.
  • Length: 12:42
Show
View Real Time Build Order
Export as new Build Order

Reinca Terran 

Build Orders: MMM Bio 

Get SALT Encoding   

  12  0:01  SCV  
  13  0:13  SCV  
  14  0:17  Supply Depot  
  14  0:25  SCV  
  15  0:39  SCV  
  15  0:40  Barracks  
  16  0:43  Refinery  
  16  0:51  SCV  
  17  1:03  SCV  
  18  1:15  SCV  
  19  1:27  Orbital Command  
  19  1:28  Marine  
  20  1:41  Command Center  
  20  1:46  Barracks Reactor  
  20  1:51  Supply Depot  
  20  1:54  SCV  
  21  2:06  SCV  
  22  2:19  SCV  
  22  2:22  Marine x2  
  25  2:31  SCV  
  25  2:35  Command Center  
  26  2:40  Marine x2  
  26  2:43  SCV  
  29  2:54  Orbital Command  
  29  2:55  SCV  
  29  2:57  Marine  
  29  2:58  Marine  
  32  3:08  SCV, Engineering Bay  
  33  3:16  Marine x2  
  35  3:24  SCV  
  35  3:25  SCV  
  37  3:35  Missile Turret x2  
  37  3:36  Marine x2  
  37  3:38  SCV x2  
  41  3:41  Supply Depot  
  41  3:45  Terran Infantry Weapons Level 1  
  41  3:50  SCV, Orbital Command  
  41  3:52  SCV  
  43  3:56  Marine x2  
  45  4:04  SCV x2  
  47  4:12  Barracks x2  
  47  4:14  Marine x2  
  47  4:17  SCV x2  
  51  4:18  SCV  
  52  4:29  Supply Depot  
  52  4:31  SCV x3  
  52  4:32  Marine x2  
  57  4:39  Missile Turret  
  57  4:43  SCV x2  
  57  4:44  SCV  
  60  4:48  Factory  
  60  4:49  Marine x2  
  62  4:53  Supply Depot  
  62  4:55  SCV  
  62  4:56  SCV x2  
  62  4:58  Refinery x2  
  62  4:59  Barracks Tech Lab  
  65  5:00  Bunker, Barracks Tech Lab  
  65  5:07  Marine x2  
  65  5:10  SCV x3  
  70  5:18  Combat Shields, Marauder x2  
  70  5:19  Stimpack  
  74  5:22  Supply Depot  
  74  5:24  Refinery  
  74  5:25  Marine x2  
  74  5:27  SCV x2  
  76  5:43  Marauder  
  76  5:44  Marauder  
  76  5:46  Marine x2  
  76  5:47  SCV x2  
  76  5:48  SCV  
  85  5:52  Starport, Factory Reactor  
  85  5:53  Supply Depot  
  84  6:05  Barracks  
  84  6:08  Barracks  
  80  6:11  SCV x3  
  80  6:16  Marine x2  
  80  6:21  Marauder x2  
  83  6:30  SCV x2  
  85  6:33  Terran Infantry Armor Level 1  
  85  6:34  Orbital Command  
  85  6:36  Marine x2  
  87  6:41  Concussive Shells  
  87  6:42  Marauder x2  
  87  6:44  SCV x2  
  93  6:51  Factory Reactor  
  93  6:55  Barracks Reactor x2  
  93  6:59  Medivac x2  
  97  7:01  SCV  
  97  7:02  SCV x2, Refinery  
  97  7:04  Starport  
  97  7:05  Refinery  
  97  7:06  Marauder x2  
  104  7:09  Marine x2  
  104  7:13  SCV, Bunker  
  104  7:14  SCV x2, Bunker  
  109  7:19  Supply Depot  
  109  7:21  Supply Depot  
  109  7:29  Widow Mine x2  
  109  7:30  Marauder x2  
  117  7:40  Marine x4  
  117  7:41  Medivac x2  
  117  7:43  Marine x2  
  127  7:49  SCV x3  
  130  7:52  Marauder  
  130  7:57  Armory  
  132  8:01  SCV, Missile Turret  
  133  8:05  Liberator x2  
  133  8:06  Supply Depot x2  
  133  8:11  Liberator x2  
  133  8:12  SCV x2, Marine x6  
  141  8:19  Factory Reactor  
  141  8:22  Marine  
  141  8:26  Supply Depot x2  
  148  8:28  Marauder  
  148  8:29  Missile Turret  
  155  8:37  Missile Turret  
  155  8:38  Marine x4  
  155  8:39  Marine x2  
  161  8:41  Missile Turret  
  161  8:43  Missile Turret  
  161  8:44  Marauder  
  161  8:45  Terran Infantry Weapons Level 2  
  163  8:49  Terran Ship Weapons Level 1, Marauder  
  163  8:55  Barracks  
  165  8:58  Liberator x2  
  165  9:03  Liberator, Command Center, Marine x2  
  165  9:04  Marine x3  
  165  9:05  Marine  
  177  9:19  Supply Depot  
  180  9:27  Marine x3  
  178  9:38  Liberator  
  173  9:39  Marine x3  
  173  9:49  Marine  
  173  9:50  Liberator, Marine x2  
  173  9:51  Barracks Tech Lab, Marauder x2  
  174  9:57  Liberator x2  
  176  10:07  Ghost Academy  
  176  10:14  Supply Depot  
  179  10:16  Marauder x3  
  187  10:23  Marine x6  
  193  10:37  Marauder  
  193  10:40  Liberator  
  145  10:52  Liberator x2, Marine x3  
  112  11:02  Marine x2  
  113  11:06  Viking  
  114  11:14  Marine  
  114  11:15  Marine x3  
  114  11:16  Marauder x3  
  124  11:28  Barracks x2  
  124  11:33  Marine  
  124  11:34  Marine x4  
  124  11:36  Medivac  
  124  11:37  Marauder  
  124  11:39  Planetary Fortress  
  133  11:46  Viking  
  135  11:49  Ghost  
  135  11:54  Ghost  
  137  11:57  Viking  
  141  12:02  Medivac  
  141  12:05  Ghost  
  145  12:10  Marine x3  
  145  12:11  Marine x3  
  145  12:14  Refinery  
  145  12:15  Barracks Reactor, Barracks Tech Lab  
Show
View Real Time Build Order
Export as new Build Order

DnS Protoss - Winner!

Build Orders: 1 Gate Expand, Blink Stalkers 

Get SALT Encoding   

  12  0:00  Probe (Chrono Boost)  
  13  0:11  Probe (Chrono Boost)  
  14  0:18  Pylon  
  14  0:22  Probe (Chrono Boost)  
  15  0:36  Probe (Chrono Boost), Gateway  
  15  0:42  Assimilator  
  16  0:47  Probe (Chrono Boost)  
  17  0:57  Probe (Chrono Boost)  
  18  1:08  Probe (Chrono Boost)  
  20  1:20  Nexus  
  19  1:28  Cybernetics Core  
  19  1:31  Probe (Chrono Boost)  
  20  1:37  Assimilator  
  20  1:42  Probe (Chrono Boost)  
  20  1:47  Pylon  
  21  1:52  Probe (Chrono Boost)  
  22  2:02  Probe (Chrono Boost)  
  22  2:05  Adept (Chrono Boost)  
  22  2:06  Warp Gate  
  25  2:14  Probe  
  26  2:22  Robotics Facility  
  26  2:26  Probe  
  26  2:29  Adept (Chrono Boost)  
  29  2:34  Probe  
  30  2:38  Probe  
  31  2:45  Probe (Chrono Boost)  
  31  2:50  Twilight Council, Probe (Chrono Boost)  
  33  3:00  Probe (Chrono Boost)  
  33  3:01  Probe (Chrono Boost)  
  33  3:04  Pylon  
  35  3:10  Probe (Chrono Boost)  
  35  3:11  Observer  
  35  3:12  Probe (Chrono Boost)  
  38  3:21  Probe (Chrono Boost)  
  38  3:22  Probe (Chrono Boost)  
  38  3:23  Blink (Chrono Boost)  
  40  3:30  Probe (Chrono Boost)  
  40  3:33  Probe  
  42  3:36  Gateway x2  
  42  3:40  Probe  
  42  3:43  Observer  
  42  3:45  Probe  
  42  3:48  Pylon  
  45  3:51  Probe  
  45  3:52  Assimilator  
  45  3:53  Assimilator  
  46  3:57  Probe  
  47  4:03  Mothership Core  
  47  4:09  Probe  
  50  4:19  Stalker  
  50  4:22  Probe  
  53  4:24  Probe, Warp Prism (Chrono Boost)  
  53  4:29  Pylon  
  56  4:33  Stalker x2  
  56  4:34  Probe  
  56  4:36  Probe  
  62  4:45  Nexus  
  61  4:46  Probe  
  61  4:49  Probe  
  61  4:51  Pylon  
  63  4:58  Probe  
  64  5:06  Stalker x2  
  64  5:07  Stalker  
  70  5:09  Probe (Chrono Boost)  
  70  5:11  Pylon  
  71  5:14  Resonating Glaives (Chrono Boost), Robotics Bay  
  71  5:16  Observer (Chrono Boost)  
  71  5:20  Probe (Chrono Boost)  
  73  5:21  Probe (Chrono Boost)  
  74  5:32  Probe x2 (Chrono Boost)  
  74  5:35  Pylon  
  76  5:42  Probe (Chrono Boost)  
  76  5:44  Probe (Chrono Boost)  
  76  5:46  Adept x2  
  76  5:49  Observer (Chrono Boost)  
  81  5:52  Forge x2  
  81  5:53  Probe (Chrono Boost)  
  81  5:56  Probe (Chrono Boost)  
  83  5:59  Probe (Chrono Boost)  
  83  6:03  Probe (Chrono Boost)  
  85  6:07  Colossus (Chrono Boost)  
  91  6:12  Probe x2  
  89  6:22  Probe  
  89  6:23  Probe  
  91  6:26  Stalker x2  
  91  6:27  Probe, Stalker  
  91  6:29  Assimilator x2, Extended Thermal Lance (Chrono Boost), Protoss Ground Armor Level 1 (Chrono Boost), Protoss Ground Weapons Level 1 (Chrono Boost)  
  98  6:35  Gateway  
  98  6:36  Gateway  
  98  6:44  Gateway  
  98  6:47  Probe x2  
  98  6:52  Probe  
  98  6:53  Pylon  
  101  6:54  Sentry x2  
  101  6:55  Adept, Pylon  
  107  7:03  Colossus  
  107  7:04  Pylon  
  107  7:05  Gateway  
  107  7:06  Photon Cannon  
  113  7:24  Adept x3  
  113  7:29  Robotics Facility  
  119  7:31  Pylon  
  119  7:37  Pylon  
  119  7:43  Pylon  
  119  7:45  Charge  
  119  7:47  Adept x2  
  119  7:48  Adept  
  125  7:53  Colossus (Chrono Boost)  
  131  8:02  Nexus  
  131  8:03  Pylon  
  131  8:09  Protoss Ground Armor Level 2 (Chrono Boost), Protoss Ground Weapons Level 2 (Chrono Boost)  
  131  8:15  Adept  
  131  8:16  Adept  
  131  8:17  Pylon  
  131  8:19  Immortal (Chrono Boost)  
  139  8:35  Pylon, Gateway x2  
  139  8:44  Stalker  
  139  8:45  Stalker x3  
  139  8:46  Colossus (Chrono Boost)  
  157  9:03  Immortal (Chrono Boost)  
  157  9:06  Adept  
  157  9:07  Adept  
  157  9:09  Photon Cannon, Assimilator  
  161  9:14  Assimilator  
  161  9:16  Adept  
  163  9:17  Adept  
  163  9:18  Adept x2  
  169  9:30  Adept x3  
  169  9:38  Stalker x5  
  173  9:40  Zealot  
  174  9:51  Stalker x2  
  174  9:52  Stalker  
  175  9:59  Pylon  
  175  10:02  Stalker x2  
  175  10:03  Stalker x2  
  181  10:12  Warp Prism (Chrono Boost)  
  185  10:16  Probe x2  
  185  10:19  Immortal (Chrono Boost)  
  187  10:22  Templar Archives  
  187  10:32  Probe  
  188  10:36  Adept  
  136  11:03  Adept x3  
  140  11:06  High Templar x3  
  140  11:07  High Templar  
  152  11:11  Immortal (Chrono Boost)  
  152  11:12  Archon x2  
  152  11:16  Immortal (Chrono Boost)  
  156  11:20  Probe x3  
  156  11:23  Stalker x4  
  167  11:30  Probe  
  167  11:32  Probe x3  
  171  11:40  High Templar x2, Zealot  
  171  11:41  Probe, Zealot x2  
  171  11:45  Archon  
  182  11:51  Stalker x3  
  182  11:52  Stalker  
  190  11:54  Photon Cannon x2  
  190  12:07  Stalker x3  
  161  12:41  Nexus  
Tags
 
Add a new tag
Caveats
  • Supply blocks, unpowered buildings, or Contaminate may cause inaccurate times.
  • Supply counts are checked every 10 seconds.